 Dungeon Crawl Stone Soup version 0.29.0-4-gdea44cf6ec (webtiles) character file.

Game seed: 8883300159710140394

23 qw the Firebug (level 3, -2/28 HPs)
             Began as a Ghoul Fire Elementalist on Aug 29, 2022.
             Slain by a kobold
             ... wielding a +0 club
              (3 damage)
             ... on level 1 of the Dungeon.
             The game lasted 00:00:53 (1022 turns).

qw the Firebug (Ghoul Fire Elementalist)            Turns: 1022, Time: 00:00:54

Health: -2/28      AC:  2    Str: 13    XL:     3   Next: 0%
Magic:  4/4        EV: 12    Int: 10    God:
Gold:   20         SH:  0    Dex:  9    Spells: 4/5 levels left

rFire   . . .      SeeInvis .     - Unarmed
rCold   + . .      Faith    .   (no shield)
rNeg    + + +      Spirit   .   a - +0 robe
rPois   inf        Reflect  .   (no helmet)
rElec   .          Harm     .   (no cloak)
rCorr   .          Rampage  .   (no gloves)
Will    .....                   (no boots)
Stlth   ++........              (no amulet)
HPRegen 0.00/turn               (no ring)
MPRegen 0.09/turn               (no ring)

@: inhibited regen
A: claws 1, cold resistance 1, negative energy resistance 3, inhibited
regeneration, torment resistance 2, devour on kill
a: no special abilities


You were on level 1 of the Dungeon.
You visited 1 branch of the dungeon, and saw 1 of its levels.

You collected 20 gold pieces.


Innate Abilities, Weirdness & Mutations

You are immune to poison.
You have sharp fingernails.
Your flesh is cold resistant. (rC+)
You are immune to negative energy. (rN+++)
You do not regenerate when monsters are visible.
You are immune to unholy pain and torment.
You thrive by killing the living.


   Skills:
 - Level 1.2 Fighting
 - Level 1.7 Dodging
 - Level 2.1 Stealth
 + Level 2.3 Unarmed Combat
 - Level 1.7 Spellcasting
 - Level 0.7 Conjurations
 - Level 2.4 Fire Magic


You had 4 spell levels left.
You knew the following spells:

 Your Spells              Type           Power      Damage    Failure   Level
a - Foxfire               Conj/Fire      16%        2x1d4     17%         1

Your spell library contained the following spells:

 Spells                   Type           Power      Damage    Failure   Level
 Scorch                   Fire           10%        2d6       19%         2
 Conjure Flame            Conj/Fire      4%         6-21      45%         3
 Inner Flame              Hex/Fire       3%         N/A       52%         3
 Flame Wave               Conj/Fire      4%         2d5       86%         4

Inventory:

Armour
 a - a +0 robe (worn)
 g - a +0 chain mail
 i - a +0 pair of boots
Scrolls
 c - a scroll of fog {unknown}
 d - 2 scrolls of immolation {unknown}
 e - a scroll of blinking {unknown}
 f - 2 scrolls of identify {unknown}
 j - a scroll of magic mapping {unknown}
Potions
 b - a potion of magic
 h - a potion of resistance {unknown}

Dungeon Overview and Level Annotations

Branches:
Dungeon (1/15)

Altars:


Message History

Your experience leads to an increase in your attributes!
Increase (S)trength, (I)ntelligence, or (D)exterity?
You feel stronger. x2
You scratch the kobold.
The kobold is severely wounded.
The kobold barely misses you.
1008 ||| Stepping ~*~*~tactically~*~*~ (outnumbered).
The kobold attacks as you move away! The kobold hits you with a +0 club.
1009 ||| Stepping ~*~*~tactically~*~*~ (outnumbered).
1010 ||| Stepping ~*~*~tactically~*~*~ (outnumbered).
1011 ||| Stepping ~*~*~tactically~*~*~ (outnumbered).
The kobold attacks as you move away! The kobold hits you with a +0 club.
You scratch the rat but do no damage. The rat barely misses you.
1013 ||| Stepping ~*~*~tactically~*~*~ (outnumbered).
The kobold attacks as you move away! The kobold barely misses you.
1014 ||| Stepping ~*~*~tactically~*~*~ (outnumbered).
The kobold attacks as you move away! The kobold hits you but does no damage.
The rat attacks as you move away! The rat barely misses you.
You closely miss the rat. The rat bites you but does no damage.
1016 ||| Stepping ~*~*~tactically~*~*~ (outnumbered).
The rat attacks as you move away! The rat closely misses you.
1017 ||| Stepping ~*~*~tactically~*~*~ (outnumbered).
The rat attacks as you move away! The rat closely misses you.
1018 ||| Stepping ~*~*~tactically~*~*~ (outnumbered).
Found 9 gold pieces.
1019 ||| Stepping ~*~*~tactically~*~*~ (outnumbered).
The rat attacks as you move away! The rat closely misses you.
Found a scroll labelled HOVVOCUIBE.
You barely miss the kobold.
The kobold is moderately wounded.
The rat barely misses you. The kobold hits you with a +0 club.
You closely miss the kobold.
The kobold is moderately wounded.
The rat barely misses you. The kobold hits you with a +0 club.
You barely miss the kobold.
The kobold is moderately wounded.
The rat bites you but does no damage. The kobold hits you with a +0 club.
You die...

##############
#.....@......# #######
...#...Kr.....####......
#....................
#.........######......
#.........###.........
.......................
?............%.###)..>..
.$#...........$###......
#.................####


You could see a kobold and a rat.

Vanquished Creatures
  A dart slug (D:1)
  2 endoplasms (D:1)
  A giant cockroach (D:1)
  3 hobgoblins (D:1)
  4 jackals (D:1)
  3 kobolds (D:1)
  3 ball pythons (D:1)
  A rat (D:1)
18 creatures vanquished.

Vanquished Creatures (others)
  A withered plant (D:1)
1 creature vanquished.

Grand Total: 19 creatures vanquished

Notes
Turn   | Place    | Note
-------+----------+-------------------------------------------
     0 | D:1      | qw the Ghoul Fire Elementalist began the quest for the Orb.
     0 | D:1      | Reached XP level 1. HP: 14/14 MP: 2/2
     0 | D:1      | 0 ||| qw: Version: 0.1-a-90-g952f4b7
     0 | D:1      | 0 ||| qw: Game counter: 3854
     0 | D:1      | 0 ||| qw: Always use a shield: true
     0 | D:1      | 0 ||| qw: God list: Okawaru
     0 | D:1      | 0 ||| qw: Allow faded altars: false
     0 | D:1      | 0 ||| qw: Do Orc after D:15 true
     0 | D:1      | 0 ||| qw: Do second Lair branch before Depths: true
     0 | D:1      | 0 ||| qw: Lair rune preference: random
     0 | D:1      | 0 ||| qw: Plans: Normal
     0 | D:1      | 0 ||| PLANNING D:1-11
    19 | D:1      | 19 ||| Stepping ~*~*~tactically~*~*~ (stealth).
    54 | D:1      | 54 ||| Stepping ~*~*~tactically~*~*~ (hiding).
   147 | D:1      | Reached skill level 1 in Unarmed Combat
   162 | D:1      | 162 ||| Stepping ~*~*~tactically~*~*~ (hiding).
   173 | D:1      | Reached skill level 1 in Fighting
   173 | D:1      | Reached XP level 2. HP: 18/23 MP: 3/3
   249 | D:1      | 249 ||| Stepping ~*~*~tactically~*~*~ (outnumbered).
   250 | D:1      | 250 ||| Stepping ~*~*~tactically~*~*~ (outnumbered).
   252 | D:1      | 252 ||| Stepping ~*~*~tactically~*~*~ (outnumbered).
   253 | D:1      | 253 ||| Stepping ~*~*~tactically~*~*~ (outnumbered).
   416 | D:1      | 416 ||| Stepping ~*~*~tactically~*~*~ (outnumbered).
   417 | D:1      | 417 ||| Stepping ~*~*~tactically~*~*~ (outnumbered).
   420 | D:1      | 420 ||| Stepping ~*~*~tactically~*~*~ (stealth).
   421 | D:1      | 421 ||| Stepping ~*~*~tactically~*~*~ (outnumbered).
   422 | D:1      | 422 ||| Stepping ~*~*~tactically~*~*~ (outnumbered).
   423 | D:1      | 423 ||| Stepping ~*~*~tactically~*~*~ (outnumbered).
   424 | D:1      | 424 ||| Stepping ~*~*~tactically~*~*~ (stealth).
   425 | D:1      | 425 ||| Stepping ~*~*~tactically~*~*~ (outnumbered).
   426 | D:1      | 426 ||| Stepping ~*~*~tactically~*~*~ (outnumbered).
   448 | D:1      | 448 ||| Stepping ~*~*~tactically~*~*~ (stealth).
   712 | D:1      | 712 ||| Stepping ~*~*~tactically~*~*~ (stealth).
   762 | D:1      | 762 ||| Stepping ~*~*~tactically~*~*~ (stealth).
   764 | D:1      | 764 ||| Stepping ~*~*~tactically~*~*~ (stealth).
   774 | D:1      | 774 ||| Stepping ~*~*~tactically~*~*~ (stealth).
   775 | D:1      | 775 ||| Stepping ~*~*~tactically~*~*~ (stealth).
   776 | D:1      | 776 ||| Stepping ~*~*~tactically~*~*~ (stealth).
   816 | D:1      | 816 ||| Stepping ~*~*~tactically~*~*~ (stealth).
   819 | D:1      | 819 ||| Stepping ~*~*~tactically~*~*~ (stealth).
   820 | D:1      | 820 ||| Stepping ~*~*~tactically~*~*~ (stealth).
   822 | D:1      | 822 ||| Stepping ~*~*~tactically~*~*~ (stealth).
   986 | D:1      | 986 ||| Stepping ~*~*~tactically~*~*~ (stealth).
   995 | D:1      | 995 ||| Stepping ~*~*~tactically~*~*~ (outnumbered).
   996 | D:1      | 996 ||| Stepping ~*~*~tactically~*~*~ (outnumbered).
   998 | D:1      | 998 ||| Stepping ~*~*~tactically~*~*~ (outnumbered).
   999 | D:1      | 999 ||| Stepping ~*~*~tactically~*~*~ (outnumbered).
  1002 | D:1      | 1002 ||| Stepping ~*~*~tactically~*~*~ (outnumbered).
  1004 | D:1      | 1004 ||| Stepping ~*~*~tactically~*~*~ (outnumbered).
  1007 | D:1      | Reached XP level 3. HP: 14/28 MP: 4/4
  1008 | D:1      | 1008 ||| Stepping ~*~*~tactically~*~*~ (outnumbered).
  1009 | D:1      | 1009 ||| Stepping ~*~*~tactically~*~*~ (outnumbered).
  1010 | D:1      | 1010 ||| Stepping ~*~*~tactically~*~*~ (outnumbered).
  1011 | D:1      | 1011 ||| Stepping ~*~*~tactically~*~*~ (outnumbered).
  1013 | D:1      | 1013 ||| Stepping ~*~*~tactically~*~*~ (outnumbered).
  1014 | D:1      | 1014 ||| Stepping ~*~*~tactically~*~*~ (outnumbered).
  1016 | D:1      | 1016 ||| Stepping ~*~*~tactically~*~*~ (outnumbered).
  1017 | D:1      | 1017 ||| Stepping ~*~*~tactically~*~*~ (outnumbered).
  1018 | D:1      | 1018 ||| Stepping ~*~*~tactically~*~*~ (outnumbered).
  1019 | D:1      | 1019 ||| Stepping ~*~*~tactically~*~*~ (outnumbered).
  1020 | D:1      | HP: 4/28 [kobold/+0 club (4)]
  1021 | D:1      | HP: 1/28 [kobold/+0 club (3)]
  1022 | D:1      | Slain by a kobold

Levels and vault maps discovered:
D:1:      spicycebolla_green_bress_n_ham, layout_rooms,
          ebering_ecumenical_altar_petrified, minmay_heptomino_d4

Skill      XL: |  1  2 |
---------------+-------+-----
Unarmed Combat | 1 2 |  2.3
Fighting       | 1 |  1.2
Dodging        | |  1.7
Stealth        | |  2.1
Spellcasting   | |  1.7
Conjurations   | |  0.7
Fire Magic     | |  2.4

Action                   || total
-------------------------++-------
Melee: Unarmed           ||    99
       Punch             ||     1
Armor: Robe              ||    17
Dodge: Dodged            ||    75

Table legend:
 A = Non-vault XP
 B = Vault XP
 C = Vault XP percentage of total XP
 D = Non-vault monster count
 E = Vault monster count
 F = Vault count percentage of total count
                 A         B        C        D         E       F
            +---------+---------+-------+---------+---------+-------
      Total |      27 |       7 |  20.6 |      14 |       4 |  22.2
            +---------+---------+-------+---------+---------+-------
        D:1 |      27 |       7 |  20.6 |      14 |       4 |  22.2
            +---------+---------+-------+---------+---------+-------
